 Dungeon Crawl Stone Soup version 0.19-a0-1907-gcff654f (webtiles) character file.

10378 vale the Thaumaturge (level 11, 0/71 HPs)
             Began as a Deep Elf Fire Elementalist on Oct 22, 2016.
             Was a Priest of Vehumet.
             Slain by a blink frog (15 damage)
             ... on level 3 of the Lair of Beasts.
             The game lasted 00:54:34 (19859 turns).

vale the Thaumaturge (Deep Elf Fire Elementalist)  Turns: 19859, Time: 00:54:35

Health: 0/71       AC:  6    Str:  5    XL:     11   Next: 35%
Magic:  20/27      EV: 19    Int: 24    God:    Vehumet [***...]
Gold:   581        SH:  3    Dex: 15    Spells: 9 memorised, 7 levels left

rFire  . . .     SeeInvis +     a - +0 dagger (venom)
rCold  . . .     Gourm    .     C - +2 robe {MR+}
rNeg   . . .     Faith    .     (no shield)
rPois  .         Spirit   .     (no helmet)
rElec  .         Reflect  +     D - +0 cloak
rCorr  .         Harm     .     (no gloves)
MR     +++..                    B - +0 pair of boots
Stlth  ++........               m - +3 amulet of reflection
                                r - ring of see invisible
                                G - ring of protection from magic

@: no status effects
A: no striking features
a: Renounce Religion


You were on level 3 of the Lair of Beasts.
You worshipped Vehumet.
Vehumet was most pleased with you.
You were not hungry.

You visited 3 branches of the dungeon, and saw 14 of its levels.
You also visited: Ossuary.

You collected 581 gold pieces.

Inventory:

Hand Weapons
 a - a +0 dagger of venom (weapon)
 i - a +1 trident of piercing
 x - a +0 quarterstaff
Missiles
 e - 398 stones (quivered)
 s - 3 throwing nets
Armour
 q - a +0 pair of gloves
 B - a +0 pair of boots (worn)
 C - a +2 robe of magic resistance (worn)
 D - a +0 cloak (worn)
Magical Staves
 T - an uncursed staff of poison
Jewellery
 m - a +3 amulet of reflection (around neck)
 r - a ring of see invisible (right hand)
 G - a ring of protection from magic (left hand)
 O - an uncursed amulet of the gourmand {unknown}
Wands
 M - a wand of iceblast (8/15)
Scrolls
 d - 7 scrolls of remove curse
 o - 3 scrolls of blinking
 w - 2 scrolls of enchant weapon {unknown}
 y - a scroll of silence {unknown}
 A - 2 scrolls of recharging
 H - 4 scrolls of teleportation
 I - 2 scrolls of fear
 Q - a scroll of fog
 R - a scroll of summoning {unknown}
 S - a scroll of noise {unknown}
Potions
 h - 4 potions of brilliance
 j - 4 potions of flight
 k - 4 potions of curing
 p - 4 potions of haste
 t - a potion of berserk rage
 u - 3 potions of agility
 v - a potion of mutation {unknown}
 E - 2 potions of heal wounds {unknown}
 L - 2 potions of cancellation {unknown}
 N - 2 potions of magic {unknown}
Books
 b - a book of Flames

   Spells                             Type                      Level
   a - Flame Tongue                   Conjuration/Fire             1
   b - Throw Flame                    Conjuration/Fire             2
   c - Conjure Flame                  Conjuration/Fire             3
   d - Inner Flame                    Hexes/Fire                   3
   e - Sticky Flame                   Conjuration/Fire             4
   f - Fireball                       Conjuration/Fire             5
 g - Kikubaaqudgha's Guide on Dark Secrets
   (You found it on level 5 of the Dungeon)

   Spells                             Type                      Level
   a - Animate Skeleton               Necromancy                   1
 l - a book of Misfortune

   Spells                             Type                      Level
   a - Confusing Touch                Hexes                        1
   b - Confuse                        Hexes                        3
   c - Gell's Gravitas                Hexes/Translocation          3
   d - Petrify                        Transmutation/Earth          4
   e - Metabolic Englaciation         Hexes/Ice                    5
   f - Yara's Violent Unravelling     Hexes/Transmutation          5
 F - a book of Spatial Translocations

   Spells                             Type                      Level
   a - Blink                          Translocation                2
   b - Shroud of Golubria             Charms/Translocation         2
   c - Lesser Beckoning               Translocation                3
   d - Portal Projectile              Translocation                3
   e - Teleport Other                 Translocation                3
   f - Passage of Golubria            Translocation                4
 J - a book of Frost

   Spells                             Type                      Level
   a - Freeze                         Ice                          1
   b - Throw Frost                    Conjuration/Ice              2
   c - Ozocubu's Armour               Charms/Ice                   3
   d - Throw Icicle                   Conjuration/Ice              4
   e - Summon Ice Beast               Ice/Summoning                4
 P - a book of Conjurations

   Spells                             Type                      Level
   a - Magic Dart                     Conjuration                  1
   b - Searing Ray                    Conjuration                  2
   c - Dazzling Spray                 Conjuration/Hexes            3
   d - Fulminant Prism                Conjuration/Hexes            4
   e - Iskenderun's Mystic Blast      Conjuration                  4
   f - Iskenderun's Battlesphere      Conjuration/Charms           5
 U - a book of the Sky

   Spells                             Type                      Level
   a - Summon Lightning Spire         Summoning/Air                4
   b - Airstrike                      Air                          4
   c - Silence                        Hexes/Air                    5
   d - Deflect Missiles               Charms/Air                   6
   e - Conjure Ball Lightning         Conjuration/Air              6
   f - Tornado                        Air                          9
Comestibles
 c - 5 bread rations {@e1}
 f - 2 beef jerkies
 n - 3 chunks of flesh {@w0}
 z - 3 meat rations {@e2}
 K - 3 fruits


   Skills:
 - Level 9.5 Fighting
 + Level 10.0 Dodging
 - Level 2.4 Stealth
 + Level 10.7 Spellcasting
 + Level 9.2 Conjurations
 - Level 3.2 Fire Magic


You had 7 spell levels left.
You knew the following spells:

 Your Spells              Type           Power        Failure   Level  Hunger
a - Flame Tongue          Conj/Fire      #####        1%          1    None
b - Confuse               Hex            ##......     17%         3    None
c - Conjure Flame         Conj/Fire      #####...     1%          3    None
d - Sticky Flame          Conj/Fire      #####...     1%          4    None
e - Dazzling Spray        Conj/Hex       #####.       1%          3    None
h - Fireball              Conj/Fire      #####.....   4%          5    ####...
i - Throw Flame           Conj/Fire      #####.       1%          2    None
n - Animate Skeleton      Necr           N/A          6%          1    None
p - Blink                 Tloc           N/A          10%         2    None


Dungeon Overview and Level Annotations

Branches:
Dungeon (9/15)             Temple (1/1) D:7            Lair (4/6) D:9
  Snake (0/4) Lair:3
  Swamp: Lair:2-4    Shoals: Lair:2-4       Orc: D:9-12

Altars:
Ashenzari
Cheibriados
Dithmenos
Elyvilon
Fedhas
Gozag
Hepliaklqana
Kikubaaqudgha
Makhleb
Nemelex Xobeh
Okawaru
Qazlal
Ru
Sif Muna
Trog
Uskayaw
Vehumet
Xom
Yredelemnul
Zin
The Shining One

Annotations:
D:6 1 runed door
D:8 Gastronok
Lair:3 1 exclusion


Message History

The blink frog croaks.
The blink frog barely misses you. The blink frog hits you!
* * * LOW HITPOINT WARNING * * *
The blink frog blinks! x2
You take 14 damage, and have 18/71 hp.
You now have 19/27 mp.
The blink frog blinks!
A five-headed hydra comes into view.
The blink frog is no longer blind.
The blink frog hits you.
* * * LOW HITPOINT WARNING * * *
You take 3 damage, and have 16/71 hp.
The five-headed hydra roars!
There is a stone staircase leading up here.
You block the blink frog's attack.
You climb upwards.
Level annotation: 1 exclusion
There is a stone staircase leading down here.
You feel better. The blink frog hits you!
* * * LOW HITPOINT WARNING * * *
The blink frog hits you!
You die...

## #...# ####.............. #
########...###.##..#..#####....
###...##.##P.##...#...######.#...
.##..#.#.....##P......#..........
.##..###.....##......##.....#....
###...##.....###.....##..........
.##..####..####......#......P....
###...# #.## ##......#.........#
# #..P###.#####.@....P####P.P#..#
###...P.........F......#.##.P...#
#.#..P...........................
.................................
####..#P.#P..#.#..#P#..###.######
# ##################### ### #


You could see a blink frog.

Vanquished Creatures
  Pikel (D:5)
  3 black mambas
  A spiny frog (Lair:2)
  2 komodo dragons
  A polar bear (Lair:3)
  A blink frog (Lair:4)
  2 hippogriffs
  The ghost of pestonoire the Chucker, an amateur TrHu (Ossuary)
  2 basilisks
  4 yaks
  Eustachio (D:4)
  A hungry ghost (D:8)
  A swamp worm (Lair:3)
  15 water moccasins
  4 porcupines
  A slave (D:5)
  3 orc warriors
  3 ice beasts
  2 phantoms
  4 ogres
  A centaur (D:6)
  2 crocodiles
  A big kobold (D:9)
  7 bullfrogs
  15 scorpions
  A howler monkey (D:7)
  3 crimson imps
  2 human zombies (Ossuary)
  A centaur zombie (D:7)
  An orc priest (D:6)
  A centaur skeleton (D:4)
  5 hounds
  A jelly (D:5)
  7 orc wizards
  3 bullfrog skeletons
  2 iguanas (D:6)
  8 worker ants
  2 big kobold zombies (Ossuary)
  4 mummies
  2 gnolls
  A howler monkey skeleton (D:4)
  4 scorpion zombies (Ossuary)
  16 adders
  4 shadow imps
  An ooze (D:1)
  An adder zombie (D:5)
  5 worms
  An adder skeleton (D:4)
  3 dart slugs
  5 leopard geckos
  17 orcs
  10 bats
  8 giant cockroaches
  3 gnoll zombies (Ossuary)
  9 goblins
  4 hobgoblins
  4 quokkas
  2 ball pythons
  8 frilled lizards
  2 goblin zombies
  2 jackal skeletons
  9 kobolds
  A leopard gecko skeleton (D:6)
  A leopard gecko zombie (D:5)
  3 orc zombies
  13 rats
  3 fungi (D:9)
262 creatures vanquished.

Vanquished Creatures (collateral kills)
  A water moccasin (Lair:3)
  An ogre (D:7)
  2 bullfrogs
  An orc (D:9)
  2 kobolds (D:9)
7 creatures vanquished.

Vanquished Creatures (others)
  A scorpion (Ossuary)
1 creature vanquished.

Grand Total: 270 creatures vanquished

Notes
Turn   | Place    | Note
-------+----------+-------------------------------------------
     0 | D:1      | vale the Deep Elf Fire Elementalist began the quest for the Orb.
     0 | D:1      | Reached XP level 1. HP: 10/10 MP: 6/6
   243 | D:1      | Reached XP level 2. HP: 15/15 MP: 1/8
  1167 | D:1      | Reached XP level 3. HP: 19/19 MP: 6/9
  1554 | D:2      | Learned a level 3 spell: Conjure Flame
  1643 | D:2      | Found a snail-covered altar of Cheibriados.
  1923 | D:2      | Reached XP level 4. HP: 24/24 MP: 0/11
  2075 | D:2      | Learned a level 4 spell: Sticky Flame
  3185 | D:3      | Reached XP level 5. HP: 15/28 MP: 10/13
  3915 | D:4      | Noticed a phantom
  3939 | D:4      | Killed a phantom
  3939 | D:4      | Reached skill level 5 in Dodging
  3939 | D:4      | Reached XP level 6. HP: 27/32 MP: 6/14
  4321 | D:4      | Noticed Eustachio
  4417 | D:4      | Killed Eustachio
  4417 | D:4      | Reached skill level 5 in Conjurations
  4894 | D:4      | Reached XP level 7. HP: 36/36 MP: 7/15
  5583 | D:4      | Found a blossoming altar of Fedhas.
  5600 | D:4      | Found a stormy altar of Qazlal.
  5769 | D:5      | Entered Level 5 of the Dungeon
  5824 | D:5      | Learned a level 2 spell: Throw Flame
  6175 | D:5      | Found an opulent altar of Gozag.
  6176 | D:5      | Found a sparkling altar of Nemelex Xobeh.
  7234 | D:5      | Reached XP level 8. HP: 41/41 MP: 7/16
  7408 | D:5      | Noticed Pikel
  7430 | D:5      | Learned a level 5 spell: Fireball
  7508 | D:5      | Killed Pikel
  7660 | D:5      | Found a radiant altar of Vehumet.
  7671 | D:5      | Found an ancient bone altar of Kikubaaqudgha.
  7672 | D:5      | Found a deep blue altar of Sif Muna.
  7678 | D:5      | Identified Kikubaaqudgha's Guide on Dark Secrets
  7709 | D:5      | Became a worshipper of Vehumet
  7914 | D:6      | Found a shimmering altar of Xom.
  7951 | D:6      | Reached skill level 1 in Fighting
  8167 | D:6      | Found a sand-covered staircase.
  8211 | Ossuary  | Entered an ossuary
  8550 | Ossuary  | Noticed pestonoire's ghost (amateur TrHu)
  8579 | Ossuary  | Killed pestonoire's ghost
  8579 | Ossuary  | Reached XP level 9. HP: 51/51 MP: 8/17
  9332 | Ossuary  | Reached * piety under Vehumet
  9332 | Ossuary  | Offered knowledge of Magic Dart by Vehumet.
  9707 | Ossuary  | Reached skill level 5 in Fighting
 10039 | D:6      | Found a runed door.
 10166 | D:6      | Reached skill level 5 in Spellcasting
 10443 | D:6      | Learned a level 1 spell: Animate Skeleton
 11149 | D:7      | Found a hide-covered altar of Uskayaw.
 11149 | D:7      | Noticed a hand axe
 11149 | D:7      | Noticed a hand axe
 11152 | D:7      | Found a staircase to the Ecumenical Temple.
 11206 | Temple   | Entered the Ecumenical Temple
 12106 | D:7      | Reached ** piety under Vehumet
 12363 | D:8      | Found a burning altar of Makhleb.
 12516 | D:8      | Offered knowledge of Freeze by Vehumet.
 12658 | D:8      | Noticed Gastronok
 13259 | D:8      | Found a white marble altar of Elyvilon.
 14057 | D:9      | Found a staircase to the Lair.
 14098 | D:9      | Reached XP level 10. HP: 61/61 MP: 12/22
 15442 | Lair:1   | Entered Level 1 of the Lair of Beasts
 15672 | Lair:1   | Offered knowledge of Dazzling Spray by Vehumet.
 15708 | Lair:1   | Learned a level 2 spell: Blink
 15712 | Lair:1   | Learned a level 3 spell: Dazzling Spray
 15716 | Lair:1   | Learned a level 3 spell: Confuse
 16692 | Lair:2   | Noticed a black mamba
 16701 | Lair:2   | Killed a black mamba
 17043 | Lair:2   | Noticed a spiny frog
 17052 | Lair:2   | Killed a spiny frog
 17482 | Lair:2   | Reached *** piety under Vehumet
 17920 | Lair:3   | Noticed a black mamba
 17934 | Lair:3   | Killed a black mamba
 18038 | Lair:3   | Reached XP level 11. HP: 69/71 MP: 22/26
 18063 | Lair:3   | Found a staircase to the Snake Pit.
 18092 | Lair:3   | Reached skill level 10 in Spellcasting
 18839 | Lair:3   | Offered knowledge of Ignite Poison by Vehumet.
 19849 | Lair:4   | Reached skill level 10 in Dodging
 19855 | Lair:4   | Noticed a five-headed hydra
 19859 | Lair:3   | Slain by a blink frog

Vault maps used:
D:1:      lightli_arrival_windingriver
D:2:      cheibriados_altar_1, first_bread, kennysheep_potato
D:4:      grunt_temple_overflow_forces_of_nature, uniq_eustachio
D:5:      grunt_temple_overflow_magic_moments, grunt_temple_overflow_opulence,
          glass_columns_a, nrook_uturn, uniq_pikel
D:6:      xom_teletrap_fun, nicolae_ossuary_entry_giza, uniq_crazy_yiuf_cottage
D:7:      dancing_weapons_uskayaw
D:8:      old_standard_altar, lemuel_doored_altar, uniq_gastronok
D:9:      dpeg_oklobed_lair
Temple:   jpeg_temple_island
Lair:1:   lemuel_fruit_tree
Lair:2:   infiniplex_staircase_pool, serial_bayou_shore_a
Lair:3:   nicolae_swamp_entry_splash_gauntlet, minmay_snake_entry_six_corridors
Lair:4:   ice2_lemuel
Ossuary:  ossuary_minmay_scorpions

Skill      XL: |  1  2  3  4  5  6  7  8  9 10 11 |
---------------+----------------------------------+-----
Conjurations   | 2 3 4 5 7 8 9 |  9.2
Dodging        | 3 4 5 6 7 9 10 | 10.0
Spellcasting   | 4 7 9 10 | 10.7
Fighting       | 3 6 9 |  9.5
Stealth        | |  2.4
Fire Magic     | |  3.2

Action                   |  1- 3 |  4- 6 |  7- 9 | 10-12 || total
-------------------------+-------+-------+-------+-------++-------
Melee: Dagger            |     3 |     5 |   186 |   117 ||   311
Throw: Stone             |    31 |    17 |    18 |     6 ||    72
 Cast: Flame Tongue      |    68 |   113 |   176 |   130 ||   487
       Conjure Flame     |     2 |     6 |    48 |    16 ||    72
       Throw Flame       |       |       |    56 |    50 ||   106
       Sticky Flame      |       |       |     6 |    21 ||    27
       Animate Skeleton  |       |       |     9 |    27 ||    36
       Dazzling Spray    |       |       |       |     2 ||     2
       Blink             |       |       |       |     1 ||     1
Evoke: Wand              |       |       |     7 |       ||     7
  Use: Scroll            |     4 |     1 |    13 |     2 ||    20
       Potion            |       |     1 |       |     4 ||     5
 Stab: Sleeping          |       |       |     1 |       ||     1
  Eat: Chunk             |     3 |     9 |    12 |    12 ||    36
       Pizza             |       |       |     1 |       ||     1
       Meat ration       |       |       |     2 |       ||     2
       Royal jelly       |       |       |     2 |       ||     2
       Bread ration      |       |       |     2 |       ||     2
       Fruit             |       |       |       |     1 ||     1
       Beef jerky        |       |       |       |     1 ||     1
Armor: Robe              |     1 |       |    21 |    16 ||    38
       Leather armour    |       |     8 |     9 |       ||    17
       Skin              |       |       |       |     9 ||     9
Dodge: Dodged            |     6 |    28 |   126 |    86 ||   246
Block: Other             |     2 |     4 |    24 |    16 ||    46
       Reflection        |     1 |       |     1 |       ||     2
